 Seeded DCSS version 0.30.0-10-gfe55d96785 (webtiles) character file.

Game seed: 18007716519941398942 (custom seed)

98 Danienth the Grave Robber (level 4, -2/30 HPs)
             Began as a Demonspawn Necromancer on May 14, 2023.
             Was a Believer of Sif Muna.
             Slain by Blork the orc
             ... wielding a +3 heavy trident
              (15 damage)
             ... on level 4 of the Dungeon.
             The game lasted 00:22:47 (3590 turns).

Danienth the Grave Robber (Demonspawn Necromancer)  Turns: 3590, Time: 00:22:52

Health: -2/30      AC: 10    Str:  8    XL:     4   Next: 43%
Magic:  0/8        EV: 12    Int: 26    God:    Sif Muna [**....]
Gold:   151        SH:  0    Dex: 14    Spells: 1/9 levels left

rFire   . . .        m - staff of death "Liss" {rC+ rN+ Int+2}
rCold   + . .        (no shield)
rNeg    + . .        a - +1 robe
rPois   +            (no helmet)
rElec   .            h - +1 cloak
rCorr   +            (no gloves)
SInv    .            g - +0 pair of boots
Will    .....        e - amulet of faith
Stlth   ++           r - +4 ring of protection
HPRegen 0.25/turn    w - ring "Iwezajime" {rPois rCorr Int+6}
MPRegen 0.11/turn

%: faith
@: mighty, attractive, hasted, very quick
A: claws 2, powered by pain 1
a: Renounce Religion, Channel Magic


You were on level 4 of the Dungeon.
You worshipped Sif Muna.
Sif Muna was pleased with you.
You visited 1 branch of the dungeon, and saw 4 of its levels.

You collected 151 gold pieces.

Inventory:

Hand Weapons
 c - a +0 dagger of flaming
 p - the +2 hand axe "Plog" {drain, +Blink rCorr}
   (You found it on level 2 of the Dungeon)

   +Blink:    It lets you blink.
   rCorr:     It protects you from acid and corrosion.
Armour
 a - a +1 robe (worn)
 g - a +0 pair of boots (worn)
 h - a +1 cloak (worn)
Magical Staves
 m - the staff of death "Liss" (weapon) {rC+ rN+ Int+2}
   (You acquired it on level 4 of the Dungeon)

   [staff of death]

   Base accuracy: +5 Base damage: 5 Base attack delay: 1.2 This weapon's minimum
   attack delay (0.6) is reached at skill level 12.
   Int:       It affects your intelligence (+2).
   rC:        It protects you from cold.
   rN:        It protects you from negative energy.
   It falls into the 'Staves' category.
   It is a one-handed weapon.
Jewellery
 e - an amulet of faith (around neck)
 i - a ring of positive energy
 j - an amulet of the acrobat
 r - a +4 ring of protection (left claw)
 t - a ring of willpower
 w - the ring "Iwezajime" (right claw) {rPois rCorr Int+6}
   (You acquired it on level 4 of the Dungeon)

   [ring of intelligence]

   Int:       It affects your intelligence (+6).
   rPois:     It protects you from poison.
   rCorr:     It protects you from acid and corrosion.
Scrolls
 k - a scroll of magic mapping
 o - 2 scrolls of amnesia
 q - a scroll of identify
Potions
 d - a potion of might
 s - a potion of resistance {unknown}


   Skills:
 + Level 0.2 Fighting
 + Level 2.0 Dodging
 + Level 1.9 Stealth
 + Level 0.1 Unarmed Combat
 + Level 3.2 Spellcasting
 + Level 5.4 Necromancy


You had one spell level left.
You knew the following spells:

 Your Spells              Type           Power      Damage    Failure   Level
a - Necrotise             Necr           100%       1d9       1%          1
b - Vampiric Draining     Necr           48%        2d9       3%          3
c - Animate Dead          Necr           48%        N/A       10%         4

Your spell library contained the following spells:

 Spells                   Type           Power      Damage    Failure   Level
 Lesser Beckoning         Tloc           8%         N/A       14%         2
 Gell's Gravitas          Tloc           4%         N/A       28%         3
 Ignite Poison            Fire/Tmut/Pois 4%         N/A       28%         3
 Inner Flame              Hex/Fire       4%         N/A       28%         3
 Teleport Other           Tloc           4%         N/A       28%         3
 Agony                    Necr           48%        N/A       28%         5
 Flame Wave               Conj/Fire      4%         2d5       67%         4
 Sticky Flame             Conj/Fire      4%         2d3       67%         4
 Ignition                 Fire           2%         3d3       100%        8


Dungeon Overview and Level Annotations

Branches:
Dungeon (4/15)
 Temple: D:4-7

Altars:
Nemelex Xobeh
Qazlal
Sif Muna
Xom

Shops:
D:2 :

Annotations:
D:4 Blork the orc


Innate Abilities, Weirdness & Mutations

You have very sharp fingernails.
You sometimes gain a little power by taking damage.


Message History

You feel clever.
w - the ring "Iwezajime" (right claw) {rPois rCorr Int+6} Blork the orc completely misses you.
As you read the scroll labelled VONEOJ HYJOPN, it crumbles to dust.
It is a scroll of identify.
u - a scroll of blinking Blink to where?
Press: ? - help, Dir - move target, p - Blork the orc
As you read the scroll of blinking, it crumbles to dust.
Okay, then.
You see here an Everburning Encyclopedia.
Something appears at your feet!
You pick up an Everburning Encyclopedia and begin reading...
You add the spells Ignite Poison and Ignition to your library.
As you read the scroll labelled HIRAUT WETZA, it crumbles to dust.
Your body is wracked with pain!
Blork the orc convulses!
It was a scroll of torment.
You don't have enough magic to cast this spell.
It was a potion of attraction.
You feel attractive to monsters.
Blork the orc gestures at you while chanting.
The puff of frost hits you but does no damage.
You resist. Blork the orc is attracted toward you.
Blork the orc mumbles some strange words.
Blork the orc seems to speed up.
Blork the orc is attracted toward you.
There is a stone staircase leading up here.
Aiming: Necrotise (safe; 1% risk of failure)
Press: ? - help, Q - select action, (/) - cycle Shift-Dir - straight line, f - Blork the orc
Aim: Blork the orc, wielding a +3 heavy trident and wearing a +0 robe (severely wounded, fast, chance to affect: 83%)
You feel a surge of power!
Blork the orc writhes in agony.
Blork the orc hits you with a +3 heavy trident.
Okay, then.
It was a potion of haste.
You feel yourself speed up.
Blork the orc jeers repeatedly.
Blork the orc points at you and mumbles some strange words.
The puff of frost hits you but does no damage.
You resist.
Blork the orc hits you with a +3 heavy trident!
Ouch! That really hurt!
You die...

.........
######.8......
##...##........
#....#.<#.....
#.##.....<.....
.. #...####......
... #.#..#
#..!.## #... #
#..##......#...
##@o..#§§.§#..
##.§##§§§..#....
##.........#....
#........§o.....
#..###.#+#......
###..#
#.#o#......
#....# ##§#..>...
##...#
##§§§......
#...###..........


You could see Blork the orc (fast).

Vanquished Creatures
  An adder (D:2)
  3 worms (D:2)
  3 dart slugs
  3 bats
  7 endoplasms
  4 giant cockroaches
  11 goblins
  2 hobgoblins (D:1)
  5 jackals
  3 quokkas
  4 ball pythons
  4 frilled lizards
  8 kobolds
  6 rats
  A butterfly (D:3)
65 creatures vanquished.

Vanquished Creatures (collateral kills)
  2 endoplasms (D:1)
  A jackal (D:2)
  A ball python (D:2)
4 creatures vanquished.

Grand Total: 69 creatures vanquished

Notes
Turn   | Place    | Note
-------+----------+-------------------------------------------
     0 | D:1      | Danienth the Demonspawn Necromancer began the quest for the
                  | Orb.
     0 | D:1      | Reached XP level 1. HP: 13/13 MP: 3/3
    52 | D:1      | Gained mutation: You sometimes gain a little power by
                  | taking damage. [demonic ancestry]
    52 | D:1      | Reached XP level 2. HP: 11/19 MP: 1/5
   334 | D:1      | Found a faded altar of an unknown god.
   334 | D:1      | Noticed a neqoxec
   342 | D:1      | Prayed at the altar of an unknown god.
   342 | D:1      | Became a worshipper of Sif Muna the Loreminder
   342 | D:1      | Reached * piety under Sif Muna
   701 | D:1      | Gained mutation: You have sharp fingernails. [demonic
                  | ancestry]
   701 | D:1      | Reached XP level 3. HP: 24/24 MP: 3/6
   786 | D:1      | Reached skill level 5 in Necromancy
  1532 | D:2      | Found Lemucar's Book Boutique.
  1536 | D:2      | Identified the +2 hand axe "Plog" {drain, +Blink rCorr}
  1567 | D:2      | Reached ** piety under Sif Muna
  1575 | D:2      | Learned a level 3 spell: Vampiric Draining
  1910 | D:2      | Gained mutation: You have very sharp fingernails. [demonic
                  | ancestry]
  1910 | D:2      | Reached XP level 4. HP: 30/30 MP: 5/8
  2646 | D:3      | Found a stormy altar of Qazlal.
  2998 | D:3      | Found a shimmering altar of Xom.
  3515 | D:3      | Learned a level 4 spell: Animate Dead
  3516 | D:4      | Noticed Blork the orc
  3547 | D:4      | Found a sparkling altar of Nemelex Xobeh.
  3561 | D:4      | Identified 3 scrolls of acquirement
  3561 | D:4      | Acquired the staff of death "Liss" {rC+ rN+ Int+2}
  3562 | D:4      | Acquired the ring "Iwezajime" {rPois rCorr Int+6}
  3584 | D:4      | Acquired an Everburning Encyclopedia
  3590 | D:4      | Slain by Blork the orc

Illustrated notes

Levels and vault maps discovered:
D:1:      psy_arrival_dodecagon, layout_basic,
          dreamdust_ecumenical_altar_sealed_demon
D:2:      layout_loops_cross, serial_shops, shop, minmay_misc_feat_cross,
          glass_columns_c, minmay_ruptured
D:3:      layout_basic, xom_butterflies, nicolae_qazlal_scattered_showers,
          nicolae_overflow_crystal_walls, tso_oasis_becter
D:4:      layout_cave_pools, kennysheep_mini, nicolae_wu_jian_wuxing_cycle,
          serial_column_ruins, column_ruins_circle_small, column_ruins_grid_3,
          column_ruins_open_large, column_ruins_grid_1, column_ruins_grid_1,
          column_ruins_open_tiny, chequers_hall_statues_wall_a,
          chequers_serial_rivers_micro_c, uniq_blork_the_orc

Skill      XL: |  1  2  3 |
---------------+----------+-----
Dodging        | 2 |  2.0
Necromancy     | 5 |  5.4
Spellcasting   | 3 |  3.2
Fighting       | |  0.2
Stealth        | |  1.9
Unarmed Combat | |  0.1

Action                     |  1- 3 |  4- 6 || total
---------------------------+-------+-------++-------
  Melee: Unarmed           |     7 |       ||     7
         Dagger            |     8 |       ||     8
         Punch             |     1 |       ||     1
         Hand axe          |    11 |     6 ||    17
   Cast: Necrotise         |    74 |    52 ||   126
    Use: Potion            |     3 |     5 ||     8
         Scroll            |     2 |    15 ||    17
   Stab: Sleeping          |       |     1 ||     1
 Armour: Robe              |     9 |     5 ||    14
  Dodge: Dodged            |    26 |    11 ||    37
